 Dungeon Crawl Stone Soup version 0.23.2-32-g37ab1d4649 (webtiles) character file.

Game seed: 7158966756170141426

1544 Mrkan the Grave Robber (level 8, -5/58 HPs)
             Began as a Gnoll Necromancer on June 26, 2019.
             Was a Follower of Ashenzari.
             Slain by a bullfrog (7 damage)
             ... on level 5 of the Dungeon.
             The game lasted 00:17:17 (6695 turns).

Mrkan the Grave Robber (Gnoll Necromancer)          Turns: 6695, Time: 00:17:18

Health: -5/58      AC:  8    Str: 11    XL:     8   Next: 87%
Magic:  17/17      EV: 16    Int: 19    God:    Ashenzari [*.....]
Gold:   324        SH:  0    Dex: 16    Spells: 14/19 levels left

rFire    . . .     SeeInvis .   v - +0 trident
rCold    . . .     Gourm    .   (no shield)
rNeg     . . .     Faith    .   a - +0 robe
rPois    .         Spirit   .   b - +2 helmet (curse)
rElec    .         Reflect  .   (no cloak)
rCorr    .         Harm     .   d - +0 pair of gloves
MR       .....                  n - +1 pair of boots
Stlth    +++.......             (no amulet)
HPRegen  0.19/turn              (no ring)
MPRegen  0.15/turn              (no ring)

@: no status effects
A: distributed training, fangs 1, strong nose
a: Curse Item, Scrying, Renounce Religion


You were on level 5 of the Dungeon.
You worshipped Ashenzari.
Ashenzari was aware of your devotion.
You were not hungry.

You visited 1 branch of the dungeon, and saw 7 of its levels.

You collected 324 gold pieces.

Inventory:

Hand Weapons
 v - a +0 trident (weapon)
 z - a +1 falchion of flaming
Missiles
 y - 4 tomahawks (quivered)
Armour
 a - a +0 robe (worn)
 b - a cursed +2 helmet (worn)
 d - a +0 pair of gloves (worn)
 n - a +1 pair of boots (worn)
Jewellery
 k - an uncursed ring of fire
 B - an uncursed ring of magical power
Wands
 l - a wand of flame (32)
Scrolls
 e - a scroll of magic mapping {unknown}
 f - 2 scrolls of enchant armour
 g - 4 scrolls of teleportation
 h - 2 scrolls of identify
 o - a scroll of immolation {unknown}
 r - a scroll of enchant weapon {unknown}
 t - a scroll of blinking {unknown}
 w - 2 scrolls of amnesia
 x - a scroll of remove curse
 D - a scroll of fog {unknown}
Potions
 i - a potion of heal wounds {unknown}
 j - 3 potions of agility
 m - 3 potions of flight
 p - a potion of curing {unknown}
 q - a potion of berserk rage {unknown}
 s - a potion of magic
 u - a potion of lignification {unknown}
 A - a potion of might {unknown}
 C - a potion of brilliance {unknown}
Comestibles
 c - 8 rations


   Skills:
 + Level 3.5 Fighting
 + Level 3.5 Short Blades
 + Level 3.5 Long Blades
 + Level 3.5 Axes
 + Level 3.5 Maces & Flails
 + Level 3.5 Polearms
 + Level 3.5 Staves
 + Level 3.5 Slings
 + Level 3.5 Bows
 + Level 3.5 Crossbows
 + Level 3.5 Throwing
 + Level 3.5 Armour
 + Level 5.9 Dodging
 + Level 5.5 Stealth
 + Level 3.5 Shields
 + Level 3.5 Unarmed Combat
 + Level 6.2 Spellcasting
 + Level 2.9 Conjurations
 + Level 2.9 Hexes
 + Level 2.9 Charms
 + Level 2.9 Summonings
 + Level 7.7 Necromancy
 + Level 2.9 Translocations
 + Level 2.9 Transmutations
 + Level 2.9 Fire Magic
 + Level 2.9 Ice Magic
 + Level 2.9 Air Magic
 + Level 2.9 Earth Magic
 + Level 2.9 Poison Magic
 + Level 3.9 Invocations
 + Level 3.5 Evocations


You had 14 spell levels left.
You knew the following spells:

 Your Spells              Type           Power        Failure   Level  Hunger
a - Pain                  Necr           ####         1%          1    None
b - Animate Dead          Necr           N/A          4%          4    ####...

Your spell library contained the following spells:

 Spells                   Type           Power        Failure   Level  Hunger
 Animate Skeleton         Necr           N/A          1%          1    None
 Vampiric Draining        Necr           #####.....   1%          3    ##.....
 Regeneration             Chrm/Necr      ####......   3%          3    ##.....


Dungeon Overview and Level Annotations

Branches:
Dungeon (7/15)
 Temple: D:4-7

Altars:
Ashenzari
Elyvilon
Xom

Shops:
D:5 *

Annotations:
D:6 Eustachio


Innate Abilities, Weirdness & Mutations

Your experience applies equally to all skills.
You have very sharp teeth.
Your uncanny sense of smell can sniff out nearby items.


Message History

* * * LOW HITPOINT WARNING * * *
The bullfrog closely misses you. The bullfrog misses you.
Casting: Animate Dead (safe; 4% risk of failure)
Confirm with . or Enter, or press ? or * to list all spells.
Aiming: Pain (safe; 1% risk of failure)
Press: ? - help, Shift-Dir - straight line, f - bullfrog
Aim: a bullfrog (heavily wounded, chance to defeat MR: 84%)
The bullfrog barely resists.
The bullfrog closely misses you. x2
You puncture the bullfrog!
The bullfrog is almost dead.
The bullfrog hits you.
* * * LOW HITPOINT WARNING * * *
The bullfrog barely misses you. The bullfrog barely misses you.
The bullfrog closely misses you.
You barely miss the bullfrog.
The bullfrog is almost dead.
The bullfrog hits you!
You die...

#........................##.# #.
##........................##.# ##
##........................##.# #
##........................##.####
##..............._........##.#...
##........................##.#.##
##...............................
.#........................##.#.##
.#.............F@............#...
(................................
#................................
#..........................######
#..........................# #.
##..#.....###########.####.# #.
#..#.....# #.# #.#####.
#..#.....# #.# #.......
#⌠.⌠.....# #########.# #.......


You could see a bullfrog.

Vanquished Creatures
  A hungry ghost (D:5)
  A black bear (D:6)
  An ice beast (D:5)
  2 phantoms
  2 ogres (D:4)
  A bullfrog (D:6)
  2 howler monkeys (D:5)
  A crimson imp (D:5)
  3 hounds
  3 jellies
  2 bullfrog zombies (D:6)
  3 orc wizards (D:6)
  3 worker ants
  A worker ant zombie (D:5)
  5 gnolls
  10 adders
  A shadow imp (D:5)
  2 oozes
  3 adder skeletons
  7 worms
  6 leopard geckos
  13 orcs
  4 ball pythons
  3 bats
  5 giant cockroaches
  5 hobgoblins
  2 jackals (D:1)
  2 quokkas (D:6)
  4 frilled lizards
  3 goblins
  6 kobolds
  7 rats
114 creatures vanquished.

Vanquished Creatures (collateral kills)
  A big kobold (D:4)
  A hobgoblin (D:4)
  4 kobolds (D:4)
6 creatures vanquished.

Grand Total: 120 creatures vanquished

Notes
Turn   | Place    | Note
-------+----------+-------------------------------------------
     0 | D:1      | Mrkan the Gnoll Necromancer began the quest for the Orb.
     0 | D:1      | Reached XP level 1. HP: 13/13 MP: 6/6
   141 | D:1      | Reached XP level 2. HP: 18/19 MP: 4/7
   704 | D:2      | Reached XP level 3. HP: 25/25 MP: 7/9
   727 | D:2      | Reached skill level 5 in Spellcasting
   784 | D:2      | Reached skill level 1 in Invocations
  1024 | D:2      | Reached skill level 1 in Fighting
  1024 | D:2      | Reached skill level 1 in Short Blades
  1024 | D:2      | Reached skill level 1 in Long Blades
  1024 | D:2      | Reached skill level 1 in Axes
  1024 | D:2      | Reached skill level 1 in Maces & Flails
  1024 | D:2      | Reached skill level 1 in Polearms
  1024 | D:2      | Reached skill level 1 in Staves
  1024 | D:2      | Reached skill level 1 in Slings
  1024 | D:2      | Reached skill level 1 in Bows
  1024 | D:2      | Reached skill level 1 in Crossbows
  1024 | D:2      | Reached skill level 1 in Throwing
  1024 | D:2      | Reached skill level 1 in Armour
  1024 | D:2      | Reached skill level 1 in Shields
  1024 | D:2      | Reached skill level 1 in Unarmed Combat
  1024 | D:2      | Reached skill level 1 in Evocations
  1100 | D:2      | Reached XP level 4. HP: 29/32 MP: 6/11
  1758 | D:3      | Reached skill level 1 in Conjurations
  1758 | D:3      | Reached skill level 1 in Hexes
  1758 | D:3      | Reached skill level 1 in Charms
  1758 | D:3      | Reached skill level 1 in Summonings
  1758 | D:3      | Reached skill level 1 in Translocations
  1758 | D:3      | Reached skill level 1 in Transmutations
  1758 | D:3      | Reached skill level 1 in Fire Magic
  1758 | D:3      | Reached skill level 1 in Ice Magic
  1758 | D:3      | Reached skill level 1 in Air Magic
  1758 | D:3      | Reached skill level 1 in Earth Magic
  1758 | D:3      | Reached skill level 1 in Poison Magic
  1765 | D:3      | Found a shattered altar of Ashenzari.
  1779 | D:3      | Became a worshipper of Ashenzari the Shackled
  1863 | D:3      | Reached XP level 5. HP: 27/37 MP: 3/12
  2241 | D:3      | Learned a level 4 spell: Animate Dead
  2628 | D:4      | Noticed an ogre
  2637 | D:4      | Killed an ogre
  2637 | D:4      | Reached XP level 6. HP: 28/44 MP: 5/13
  2675 | D:4      | Found a white marble altar of Elyvilon.
  2777 | D:4      | Noticed a phantom
  2791 | D:4      | Reached skill level 5 in Dodging
  3037 | D:4      | Killed a phantom
  3444 | D:4      | Reached XP level 7. HP: 45/50 MP: 8/15
  3945 | D:5      | Entered Level 5 of the Dungeon
  4804 | D:5      | Noticed a hungry ghost
  4868 | D:5      | Reached skill level 5 in Stealth
  4896 | D:5      | Found a shimmering altar of Xom.
  5232 | D:5      | Killed a hungry ghost
  5232 | D:5      | Reached XP level 8. HP: 57/57 MP: 16/16
  5752 | D:5      | Found Juatwas's Assorted Antiques.
  6109 | D:6      | Reached * piety under Ashenzari
  6325 | D:6      | Noticed Eustachio
  6683 | D:5      | HP: 2/58 [bullfrog (3)]
  6689 | D:5      | HP: 1/58 [bullfrog (1)]
  6695 | D:5      | Slain by a bullfrog

Skill      XL: |  1  2  3  4  5  6  7  8 |
---------------+-------------------------+-----
Spellcasting   | 5 6 |  6.2
Invocations    | 1 2 3 |  3.9
Fighting       | 1 2 3 |  3.5
Short Blades   | 1 2 3 |  3.5
Long Blades    | 1 2 3 |  3.5
Axes           | 1 2 3 |  3.5
Maces & Flails | 1 2 3 |  3.5
Polearms       | 1 2 3 |  3.5
Staves         | 1 2 3 |  3.5
Slings         | 1 2 3 |  3.5
Bows           | 1 2 3 |  3.5
Crossbows      | 1 2 3 |  3.5
Throwing       | 1 2 3 |  3.5
Armour         | 1 2 3 |  3.5
Shields        | 1 2 3 |  3.5
Unarmed Combat | 1 2 3 |  3.5
Evocations     | 1 2 3 |  3.5
Conjurations   | 1 2 |  2.9
Hexes          | 1 2 |  2.9
Charms         | 1 2 |  2.9
Summonings     | 1 2 |  2.9
Translocations | 1 2 |  2.9
Transmutations | 1 2 |  2.9
Fire Magic     | 1 2 |  2.9
Ice Magic      | 1 2 |  2.9
Air Magic      | 1 2 |  2.9
Earth Magic    | 1 2 |  2.9
Poison Magic   | 1 2 |  2.9
Dodging        | 5 |  5.9
Stealth        | 5 |  5.5
Necromancy     | |  7.7

Action                   |  1- 3 |  4- 6 |  7- 9 || total
-------------------------+-------+-------+-------++-------
Melee: Unarmed           |    14 |       |       ||    14
       Bite              |     1 |    15 |    29 ||    45
       Spear             |       |    51 |       ||    51
       Trident           |       |    57 |   273 ||   330
       Punch             |       |       |     5 ||     5
 Cast: Pain              |    36 |    76 |    59 ||   171
       Animate Dead      |       |       |     3 ||     3
Invok: Curse Item        |       |     1 |       ||     1
  Use: Scroll            |       |     3 |     3 ||     6
 Stab: Sleeping          |     1 |     3 |     5 ||     9
       Distracted        |       |       |     1 ||     1
  Eat: Chunk             |       |     5 |     5 ||    10
       Ration            |       |     1 |     4 ||     5
Armor: Robe              |     3 |    29 |    80 ||   112
Dodge: Dodged            |    11 |    95 |   258 ||   364
